Map: Dusty Gorge

Players

sdgjdhyjloop - Winner!

  • Race: Zerg Zerg
  • League: Platinum
  • Spawn Location: 9:00

ILIEKEGGPIE - Winner!

  • Race: Protoss Protoss
  • League: Platinum
  • Spawn Location: 11:00

Felix

  • Race: Terran Terran
  • League: Platinum
  • Spawn Location: 5:00

iCmAZ

  • Race: Terran Terran
  • Spawn Location: 3:00

VOD

Have the link to the VOD?

Description

Time

  • Played on: May 26, 2018, 9:43 a.m.
  • Length: 20:11
Show
View Real Time Build Order
Export as new Build Order

sdgjdhyjloop Zerg - Winner!

Build Orders: Pool First 

Get SALT Encoding   

  12  0:01  Drone  
  13  0:09  Drone  
  14  0:18  Overlord  
  14  0:36  Spawning Pool  
  14  0:40  Drone  
  15  0:42  Drone  
  15  0:46  Drone  
  16  1:14  Drone  
  16  1:15  Hatchery  
  16  1:24  Queen  
  18  1:30  Drone  
  18  1:31  Extractor  
  18  1:33  Drone  
  18  1:37  Drone  
  20  1:42  Drone  
  21  1:56  Overlord  
  21  2:05  Zergling x2  
  22  2:17  Zergling x2  
  23  2:25  Zergling x2  
  23  2:27  Overlord  
  24  2:34  Zergling x4  
  24  2:35  Zergling x2  
  27  2:39  Zergling x2  
  27  2:41  Zergling x2  
  27  2:43  Metabolic Boost  
  29  2:51  Zergling x2  
  29  2:55  Zergling x2  
  31  3:00  Baneling Nest  
  31  3:03  Zergling x2  
  31  3:08  Zergling x2  
  31  3:10  Zergling x4, Drone  
  35  3:16  Zergling x2  
  36  3:21  Zergling x2  
  36  3:26  Zergling x2  
  38  3:34  Zergling x2  
  39  3:38  Zergling x8  
  43  3:42  Zergling x2  
  43  3:45  Baneling x4  
  43  3:46  Baneling  
  43  3:47  Baneling  
  44  3:52  Overlord  
  44  3:58  Overlord  
  27  4:52  Zergling x6  
  26  4:53  Zergling x2  
  26  4:57  Queen  
  26  4:58  Drone x3  
  30  5:09  Drone x2  
  30  5:13  Extractor  
  31  5:44  Drone x3  
  32  5:52  Lair  
  32  5:53  Drone x2, Roach Warren  
  31  6:01  Drone x2  
  31  6:02  Drone  
  34  6:06  Drone x3  
  37  6:12  Extractor  
  37  6:14  Drone  
  37  6:18  Extractor  
  36  6:29  Evolution Chamber  
  36  6:31  Drone  
  36  6:32  Drone x3  
  39  6:39  Roach x3  
  47  6:40  Roach  
  47  6:43  Drone  
  48  6:51  Drone  
  48  6:53  Glial Reconstitution  
  49  6:56  Zerg Missile Weapons Level 1  
  49  7:05  Hydralisk Den, Roach x4  
  56  7:08  Drone x2  
  56  7:09  Drone x2  
  54  7:18  Spore Crawler  
  54  7:22  Spore Crawler  
  50  7:32  Roach x4  
  56  7:43  Spore Crawler  
  55  7:44  Spore Crawler  
  54  7:54  Muscular Augments  
  54  8:01  Drone x4  
  58  8:10  Drone  
  58  8:11  Overlord x3, Drone  
  60  8:26  Evolution Chamber  
  59  8:38  Evolution Chamber  
  58  8:45  Hydralisk x3  
  58  8:46  Lurker Den  
  58  8:47  Drone x3  
  66  8:59  Zerg Ground Armor Level 1  
  66  9:01  Zerg Missile Weapons Level 2  
  66  9:04  Zerg Melee Weapons Level 1  
  66  9:05  Grooved Spines  
  66  9:06  Hatchery  
  65  9:18  Hydralisk  
  65  9:19  Hydralisk  
  65  9:20  Roach x2  
  65  9:21  Roach x2  
  51  10:00  Zergling x2  
  51  10:01  Roach x3  
  51  10:04  Roach x6  
  51  10:05  Roach x4  
  74  10:14  Roach  
  74  10:21  Hydralisk x4  
  81  10:41  Queen  
  81  10:42  Drone x3  
  86  10:51  Hydralisk  
  86  10:52  Extractor x2, Hydralisk  
  86  10:55  Zerg Ground Armor Level 2  
  88  11:02  Overlord x2  
  88  11:13  Drone  
  88  11:14  Drone  
  90  11:31  Drone x2  
  90  11:32  Drone x5  
  97  11:39  Drone x3  
  100  11:51  Overlord  
  100  11:52  Overlord x5  
  100  12:55  Drone x2  
  100  12:56  Drone x3  
  95  13:33  Infestation Pit  
  86  13:36  Pneumatized Carapace  
  86  13:42  Zerg Melee Weapons Level 2  
  86  13:46  Zergling x12  
  86  13:47  Zergling x12  
  98  13:53  Roach x2  
  98  13:54  Roach x4  
  92  14:03  Roach x5  
  92  14:04  Roach x4  
  110  14:10  Hive  
  110  14:20  Burrow  
  74  15:07  Centrifical Hooks  
  68  15:23  Ultralisk Cavern  
  68  15:25  Zerg Missile Weapons Level 3  
  68  15:26  Zerg Ground Armor Level 3  
  67  15:38  Zergling x12  
  67  15:39  Zergling x4  
  75  15:47  Hatchery  
  74  16:07  Hatchery  
  74  16:08  Extractor  
  74  16:09  Extractor  
  63  16:16  Ultralisk x5  
  63  16:17  Ultralisk x4  
  117  16:22  Extractor, Zerg Melee Weapons Level 3  
  117  16:25  Extractor  
  115  16:28  Roach x5  
  115  16:29  Roach x7  
  115  16:30  Roach  
  141  16:42  Chitinous Plating  
  141  16:49  Roach x5  
  141  16:50  Roach  
  75  17:35  Drone, Queen  
  75  17:36  Drone x2  
  80  17:42  Drone x3  
  83  17:51  Zergling x6  
  83  17:52  Zergling x12  
  83  17:53  Zergling x10  
  83  17:54  Zergling x4  
  83  17:56  Overlord  
  83  17:57  Overlord x5  
  85  18:27  Baneling x4  
  85  18:28  Baneling x6  
  85  18:29  Baneling x5  
  85  18:33  Drone x3  
  88  18:40  Drone x3  
  91  18:47  Ultralisk  
  91  18:48  Ultralisk x5  
  127  18:53  Ultralisk  
  118  19:24  Drone x3  
  118  19:29  Drone x3  
Show
View Real Time Build Order
Export as new Build Order

ILIEKEGGPIE Protoss - Winner!

Build Orders:  

Get SALT Encoding   

  12  0:02  Probe  
  13  0:14  Probe  
  14  0:19  Pylon  
  14  0:29  Probe  
  15  0:40  Forge, Probe  
  16  0:48  Probe  
  16  0:57  Probe  
  18  1:05  Gateway  
  18  1:10  Assimilator  
  18  1:22  Probe  
  19  1:34  Probe  
  20  1:46  Probe  
  21  1:53  Cybernetics Core  
  21  1:58  Probe  
  22  2:02  Assimilator  
  22  2:10  Probe  
  23  2:21  Pylon  
  23  2:25  Pylon  
  23  2:34  Stalker  
  23  2:35  Warp Gate  
  23  2:39  Probe  
  26  2:45  Photon Cannon  
  26  2:57  Photon Cannon  
  26  3:15  Stargate  
  25  3:37  Pylon  
  25  3:42  Nexus  
  25  3:49  Probe  
  26  3:57  Photon Cannon  
  26  3:59  Shield Battery  
  26  4:01  Photon Cannon  
  26  4:09  Oracle  
  29  4:34  Stargate  
  29  4:45  Pylon  
  29  4:46  Oracle  
  29  4:49  Pylon  
  29  4:52  Probe  
  30  4:59  Probe  
  34  5:04  Probe  
  34  5:11  Oracle  
  34  5:12  Probe  
  35  5:15  Pylon  
  35  5:16  Probe  
  35  5:19  Oracle  
  39  5:21  Probe  
  40  5:28  Probe  
  40  5:29  Probe  
  45  5:39  Probe  
  45  5:41  Probe  
  45  5:42  Photon Cannon  
  47  5:49  Photon Cannon  
  50  6:01  Phoenix x2  
  50  6:03  Probe  
  52  6:04  Probe  
  53  6:19  Probe x2  
  53  6:20  Assimilator  
  55  6:25  Assimilator  
  55  6:28  Pylon  
  49  6:41  Phoenix x2  
  53  7:00  Probe  
  53  7:03  Probe  
  53  7:07  Pylon  
  53  7:08  Probe  
  55  7:09  Pylon  
  55  7:15  Probe, Phoenix x2  
  61  7:32  Phoenix x2  
  65  7:51  Probe  
  65  7:52  Probe  
  65  7:56  Phoenix  
  69  7:58  Stalker  
  69  8:03  Probe  
  69  8:05  Pylon  
  72  8:08  Pylon  
  72  8:19  Phoenix  
  74  8:21  Phoenix  
  76  8:36  Stargate  
  76  8:44  Probe x2, Phoenix  
  80  8:55  Phoenix  
  80  8:56  Nexus  
  80  8:58  Assimilator  
  80  9:02  Assimilator  
  82  9:03  Stargate  
  82  9:04  Pylon  
  82  9:05  Pylon  
  82  9:08  Pylon  
  82  9:10  Phoenix  
  84  9:47  Phoenix x4  
  92  10:14  Phoenix x3  
  93  10:35  Phoenix  
  93  10:39  Probe x3, Phoenix  
  100  10:47  Probe  
  100  10:51  Probe x2  
  100  10:53  Protoss Air Weapons Level 1  
  103  10:57  Phoenix  
  103  11:03  Probe  
  92  11:36  Phoenix  
  92  11:37  Phoenix x3  
  100  11:54  Phoenix  
  100  11:55  Phoenix x2  
  100  12:05  Phoenix  
  100  12:08  Pylon  
  106  12:09  Pylon  
  106  12:11  Phoenix x2  
  106  12:12  Pylon  
  106  12:14  Pylon  
  108  12:17  Pylon  
  108  12:20  Phoenix  
  108  12:21  Pylon  
  114  12:22  Pylon  
  114  12:26  Phoenix  
  114  12:59  Phoenix x4  
  115  13:26  Phoenix  
  114  13:27  Phoenix x3  
  99  13:46  Phoenix  
  99  13:52  Phoenix  
  99  13:53  Phoenix  
  101  14:31  Gateway  
  101  14:32  Gateway  
  101  14:34  Gateway  
  101  14:36  Gateway  
  101  14:40  Gateway  
  101  14:42  Gateway  
  91  15:13  Protoss Ground Weapons Level 1  
  83  15:19  Gateway  
  83  15:20  Gateway  
  83  15:22  Nexus  
  83  15:23  Gateway  
  83  15:25  Pylon  
  83  15:27  Gateway  
  83  15:28  Pylon  
  83  15:30  Gateway  
  83  15:32  Gateway  
  83  15:35  Gateway  
  83  15:38  Gateway  
  83  16:05  Pylon  
  83  16:07  Pylon  
  83  16:09  Pylon  
  83  16:11  Pylon  
  79  16:40  Stalker  
  79  16:41  Stalker x7  
  79  16:42  Stalker x5  
  92  17:11  Gateway  
  92  17:13  Gateway  
  90  17:19  Stalker  
  90  17:20  Stalker x4  
  90  17:21  Stalker x6  
  90  17:22  Stalker x4  
  117  18:10  Nexus  
  117  18:14  Pylon  
  117  18:18  Pylon  
  115  18:34  Gateway  
  115  18:38  Gateway  
  115  18:41  Gateway  
  115  18:44  Stalker x3  
  115  18:45  Adept, Assimilator, Sentry x3  
  115  18:46  Adept x6  
  115  18:47  Adept  
  143  18:49  Assimilator  
  143  19:02  Probe x2  
  119  19:46  Stalker x2  
  119  19:47  Adept x2, Stalker x2  
  119  19:48  Adept x6  
  119  19:49  Adept x2  
Show
View Real Time Build Order
Export as new Build Order

Felix Terran 

Build Orders: Reaper Expand, MMM Bio 

Get SALT Encoding   

  12  0:02  SCV  
  13  0:14  SCV  
  14  0:20  Supply Depot  
  14  0:26  Refinery  
  14  0:29  SCV  
  15  0:44  Barracks  
  15  0:49  SCV  
  16  1:02  SCV  
  17  1:14  SCV  
  18  1:32  Reaper  
  19  1:33  Orbital Command  
  19  1:49  Command Center  
  19  1:59  SCV  
  20  2:10  Barracks Reactor  
  20  2:11  SCV  
  21  2:16  Supply Depot  
  21  2:46  Marine x2  
  23  3:04  Marine x2  
  25  3:12  Orbital Command  
  25  3:17  Bunker  
  25  3:22  Marine x2  
  27  3:33  SCV  
  28  3:45  SCV, Barracks  
  28  3:46  Barracks  
  29  4:00  SCV x2  
  31  4:03  Factory  
  31  4:08  Supply Depot  
  31  4:12  SCV x2  
  31  4:15  Engineering Bay  
  33  4:33  Marine x2  
  33  4:36  Barracks Tech Lab, Barracks Reactor  
  34  4:49  Bunker  
  34  4:53  Supply Depot  
  34  5:01  Command Center  
  34  5:02  Marine x2  
  34  5:03  Combat Shield  
  34  5:06  Terran Infantry Weapons Level 1  
  36  5:07  SCV x2  
  36  5:11  Refinery  
  38  5:19  SCV  
  38  5:20  SCV  
  40  5:27  Starport  
  40  5:32  SCV x2  
  42  5:36  Supply Depot  
  40  5:43  Marine x2  
  38  6:01  Supply Depot  
  38  6:02  Marine x3  
  38  6:03  Marine  
  42  6:18  Refinery  
  42  6:19  Marauder  
  42  6:20  Refinery  
  42  6:22  SCV  
  42  6:23  Stimpack  
  35  6:37  Barracks Reactor  
  26  6:46  Missile Turret  
  26  7:08  SCV x2  
  28  7:14  Missile Turret  
  28  7:20  SCV x2  
  30  7:32  SCV x2  
  32  7:47  SCV x2  
  34  7:59  SCV x2, Marine x5  
  41  8:15  Barracks  
  41  8:16  Factory Tech Lab  
  41  8:17  Marine x4  
  41  8:18  Marauder  
  47  8:27  Armory  
  47  8:34  Marine  
  47  8:35  Marine  
  47  8:38  Medivac x2  
  47  8:39  Marauder  
  55  8:44  Marine x2  
  55  8:47  Siege Tank  
  60  8:50  Terran Infantry Armor Level 1  
  60  8:52  SCV x2, Marine x2  
  64  9:01  Marauder  
  66  9:03  Marine  
  66  9:04  SCV x2, Marine  
  66  9:06  Concussive Shells  
  70  9:10  Marine  
  70  9:16  SCV x2  
  73  9:22  Marauder  
  75  9:27  Supply Depot x2  
  75  9:28  SCV x2  
  71  9:39  Marine x4  
  71  9:40  SCV x2  
  71  9:43  Marauder  
  76  9:51  Supply Depot  
  76  9:52  SCV x2  
  73  9:56  Marine  
  73  9:57  Marine x3  
  72  10:05  Marauder  
  56  10:14  Marine x2  
  56  10:15  Marine x2  
  56  10:18  Barracks Reactor  
  57  10:24  Supply Depot x2  
  57  10:26  Marauder  
  57  10:27  Orbital Command  
  56  10:32  Marine x2  
  56  10:33  Marine x2  
  56  10:38  SCV x2  
  58  10:44  Terran Infantry Weapons Level 2  
  58  10:48  Marauder, Supply Depot  
  58  10:49  Terran Vehicle Weapons Level 1  
  60  10:50  SCV x2, Marine x3  
  60  10:51  Marine  
  60  10:54  Medivac x2  
  70  10:57  Marine x2  
  72  11:08  Marine x4, Barracks  
  72  11:09  Marauder, SCV x2  
  72  11:10  SCV  
  81  11:13  Supply Depot  
  81  11:15  Marine x2  
  81  11:16  Supply Depot  
  83  11:21  SCV  
  77  11:26  Marine x3  
  77  11:28  Marine  
  77  11:30  Marine  
  77  11:32  Marine  
  72  11:33  Marine  
  67  11:43  Marine  
  67  11:44  Marine x2  
  67  11:46  Marine  
  69  11:48  Marine  
  69  11:50  Marine x2  
  69  11:51  Widow Mine  
  68  12:01  Marine x2  
  68  12:02  Missile Turret, Marine  
  68  12:04  Marine  
  68  12:05  Marine  
  68  12:08  Marine x2  
  73  12:11  Barracks Reactor  
  73  12:13  Widow Mine  
  77  12:19  Marine x3  
  77  12:21  Missile Turret  
  77  12:22  Marine  
  81  12:23  Marine  
  81  12:26  Marine x2  
  81  12:28  Engineering Bay  
  84  12:34  Widow Mine  
  86  12:37  Missile Turret, Marine x3  
  86  12:40  Marine  
  86  12:41  Missile Turret, Marine  
  86  12:44  Missile Turret, Marine x2  
  89  12:54  Marine x2  
  89  12:55  Widow Mine, Marine x3  
  89  12:58  Marine  
  97  12:59  Marine  
  97  13:01  Marine  
  97  13:02  Marine  
  97  13:04  Terran Infantry Weapons Level 3  
  100  13:12  Marine x3  
  102  13:13  Marine x2  
  102  13:15  Marine  
  102  13:17  Marine  
  102  13:19  Marine  
  106  13:24  Marine  
  93  13:29  Marine  
  93  13:30  Marine x3  
  93  13:31  Marine  
  93  13:33  Marine  
  92  13:34  Marine  
  90  13:42  Marine  
  90  13:47  Marine x2  
  90  13:48  Marine x3  
  86  13:51  Marine  
  86  13:52  Marine  
  80  14:00  Marine  
  81  14:05  Marine x2  
  81  14:06  Marine x3  
  81  14:09  Marine  
  84  14:10  Marine  
  85  14:17  Marine  
  85  14:23  Marine x2  
  85  14:24  Marine x3  
  88  14:27  Engineering Bay, Marine, Medivac  
  94  14:33  Marine  
  94  14:34  Medivac  
  94  14:35  Marine  
  96  14:41  Supply Depot, Marine x3  
  96  14:42  Supply Depot, Marine x2  
  96  14:44  Marine  
  96  14:45  Supply Depot  
  96  14:46  Supply Depot  
  96  14:52  Marine  
  96  14:53  Marine  
  96  14:54  Engineering Bay  
  96  14:57  Medivac  
  96  14:58  Marine  
  96  14:59  Marine x3  
  98  15:00  Marine  
  98  15:02  Marine  
  98  15:04  Medivac  
  98  15:06  Supply Depot  
  88  15:10  Marine  
  88  15:11  Marine  
  84  15:16  Marine x2  
  84  15:17  Marine x2  
  84  15:18  Marine  
  84  15:20  Marine  
  84  15:21  Terran Infantry Armor Level 2  
  90  15:27  Medivac  
  90  15:28  Supply Depot, Marine  
  92  15:29  Supply Depot, Marine  
  92  15:31  Supply Depot  
  92  15:34  Marine x2, Medivac  
  92  15:35  Marine x3  
  99  15:38  Marine  
  102  15:46  Marine  
  102  15:47  Marine  
  103  15:52  Marine x2  
  103  15:53  Marine x3  
  103  15:55  SCV x2  
  103  15:56  Marine  
  111  15:57  Medivac  
  111  16:04  Marine x2, Command Center  
  113  16:10  Marine x2  
  113  16:11  Marine x3  
  117  16:13  Marine  
  119  16:19  Medivac  
  119  16:22  Marine x2  
  123  16:27  Marine, Medivac  
  123  16:28  Marine x2  
  123  16:29  Marine x2  
  123  16:31  SCV x2, Marine  
  133  16:39  Marine  
  129  16:40  Marine  
  129  16:43  SCV x2  
  129  16:45  Marine  
  129  16:46  Marine x3  
  137  16:48  Medivac  
  139  16:54  Marine  
  139  16:55  SCV, Marine  
  139  16:56  SCV  
  139  16:57  Marine, Medivac  
  139  16:58  Marine  
  147  17:03  Marine x2  
  147  17:04  Marine x2  
  140  17:12  Marine x2  
  140  17:15  Marine  
  114  17:16  Marine  
  114  17:21  Marine x2  
  114  17:22  Marine x2  
  90  17:30  Marine x2  
  90  17:33  Marine x2  
  90  17:34  Widow Mine  
  90  17:35  Ghost Academy  
  96  17:38  Ghost Academy  
  96  17:39  Marine x2  
  96  17:40  Marine x2  
  100  17:48  Marine x2  
  100  17:51  Marine x2  
  103  17:55  Widow Mine  
  103  17:57  Marine x3  
  103  17:58  Marine  
  100  18:06  Ghost Academy, Marine x2  
  100  18:08  Marine  
  101  18:16  Widow Mine  
  106  18:38  Widow Mine  
  100  18:50  Nuke  
  100  19:11  Nuke  
  47  19:26  Barracks  
  47  19:27  Marine  
  47  19:28  Marine x5  
  38  19:45  Marine x2  
  27  19:46  Marine x2  
  19  19:55  Unknown  
Show
View Real Time Build Order
Export as new Build Order

iCmAZ Terran 

Build Orders: Reaper Expand, Hellion Banshee 

Get SALT Encoding   

  12  0:01  SCV  
  13  0:13  SCV  
  14  0:20  Supply Depot  
  14  0:25  SCV  
  15  0:31  Refinery  
  15  0:41  SCV  
  16  0:46  Barracks  
  16  0:53  SCV  
  17  1:05  SCV  
  18  1:17  SCV  
  19  1:33  Orbital Command  
  19  1:35  Reaper  
  20  1:50  Command Center  
  20  2:02  SCV  
  20  2:08  Barracks Reactor  
  21  2:10  Supply Depot  
  21  2:16  Factory  
  21  2:19  SCV  
  22  2:39  SCV  
  23  2:44  Marine  
  23  2:45  Marine  
  24  3:15  Hellion x2  
  24  3:17  SCV  
  24  3:19  Orbital Command, Barracks Tech Lab  
  29  3:25  Starport  
  29  3:29  Refinery  
  30  3:34  SCV  
  30  3:36  Hellion x2  
  34  3:43  Armory  
  34  3:46  SCV  
  34  3:47  SCV  
  36  3:58  SCV, Hellion x2  
  36  3:59  SCV  
  42  4:08  Refinery, Banshee  
  45  4:10  SCV  
  44  4:29  SCV  
  36  4:31  Hellion x2  
  28  4:53  Hellion x2  
  29  5:11  Banshee  
  29  5:13  Supply Depot, SCV x2  
  36  5:14  Hellion  
  36  5:25  SCV x2  
  38  5:32  Supply Depot  
  38  5:37  Cloaking Field, SCV  
  39  5:46  Hellion x2  
  43  5:50  SCV x2  
  45  6:01  Banshee  
  45  6:02  SCV x2  
  50  6:07  Supply Depot  
  50  6:14  SCV x2  
  52  6:38  Hellion x2  
  56  6:48  SCV  
  56  6:49  SCV  
  56  6:53  Engineering Bay  
Tags
 
Add a new tag
Caveats
  • Supply blocks, unpowered buildings, or Contaminate may cause inaccurate times.
  • Supply counts are checked every 10 seconds.